 Dungeon Crawl Stone Soup version 0.28-a0-1199-gef9e1dbd39 (webtiles) character file.

Game seed: 8213507424067978434

430 enile the Sneak (level 6, -1/56 HPs)
             Began as a Naga Wanderer on Dec 19, 2021.
             Was a Believer of Kikubaaqudgha.
             Slain by an iguana (12 damage)
             ... on level 4 of the Dungeon.
             The game lasted 00:10:20 (3505 turns).

enile the Sneak (Naga Wanderer)                     Turns: 3505, Time: 00:10:20

Health: -1/56      AC:  6    Str: 12    XL:     6   Next: 99%
Magic:  8/8        EV:  8    Int: 16    God:    Kikubaaqudgha [**....]
Gold:   74         SH:  5    Dex: 11    Spells: 4/7 levels left

rFire   + . .      SeeInvis +   a - +0 shortbow (vorpal)
rCold   . . .      Faith    .   (shield currently unavailable)
rNeg    . . .      Spirit   .   m - +2 ring mail {rF+}
rPois   +          Reflect  +   (helmet restricted)
rElec   .          Harm     .   (no cloak)
rCorr   .          Rampage  .   (no gloves)
Will    .....                   (no barding)
Stlth   ++........              l - amulet of reflection
HPRegen 0.18/turn               (no ring)
MPRegen 0.11/turn               (no ring)

@: short of breath, very slow
A: AC +2, large, see invisible, deformed body, poison resistance, slowness 2,
spit poison 1, naga tail 1, antennae 1, clever 1, weak 1
a: Spit Poison, Renounce Religion, Receive Corpses


You were on level 4 of the Dungeon.
You worshipped Kikubaaqudgha.
Kikubaaqudgha was pleased with you.
You visited 1 branch of the dungeon, and saw 5 of its levels.

You collected 200 gold pieces.
You spent 126 gold pieces at shops.

Inventory:

Hand Weapons
 a - a +0 vorpal shortbow (weapon)
 b - a +5 falchion of electrocution
 g - a +0 falchion
 h - a +0 mace
 i - a -3 dagger
 k - a +0 dagger of venom
 p - a +0 dagger of holy wrath
Missiles
 e - 20 poisoned darts
 q - 54 arrows (quivered ammo)
Armour
 c - a +0 helmet
 d - a +0 robe
 j - a +0 ring mail
 m - a +2 ring mail of fire resistance (worn)
 r - a +0 chain mail
Jewellery
 l - an amulet of reflection (around neck)
Scrolls
 o - 3 scrolls of blinking {unknown}
 s - a scroll of immolation {unknown}
Potions
 f - 3 potions of curing


   Skills:
 - Level 3.0 Fighting
 + Level 3.2 Long Blades
 - Level 4.0 Bows
 - Level 2.0 Armour
 - Level 1.0 Dodging
 - Level 4.4 Stealth
 - Level 1.0 Spellcasting
 - Level 1.0 Hexes
 - Level 3.0 Invocations


You had 4 spell levels left.
You knew the following spells:

 Your Spells              Type           Power      Damage    Failure   Level
a - Slow                  Hex            16%        N/A       32%         1
b - Poisonous Vapours     Pois/Air       0%         N/A       58%         2

Your spell library contained the following spells:

 Spells                   Type           Power      Damage    Failure   Level
 Animate Skeleton         Necr           0%         N/A       45%         1
 Pain                     Necr           0%         1d4       45%         1
 Corpse Rot               Necr/Air       0%         N/A       58%         2
 Sublimation of Blood     Necr           0%         N/A       58%         2
 Inner Flame              Hex/Fire       2%         N/A       77%         3
 Ozocubu's Armour         Ice            0%         N/A       83%         3
 Vampiric Draining        Necr           0%         2d6       83%         3
 Ozocubu's Refrigeration  Ice            0%         4d5       100%        7


Dungeon Overview and Level Annotations

Branches:
Dungeon (5/15)
 Temple: D:4-7

Altars:
Kikubaaqudgha
Makhleb
Wu Jian

Shops:
D:3 (

Annotations:
D:4 3 runed translucent doors, KennySheep's ghost, amateur DECj


Innate Abilities, Weirdness & Mutations

Your serpentine skin is tough. (AC +2)
You have supernaturally acute eyesight. (SInv)
Armour fits poorly on your strangely shaped body.
Your system is resistant to poisons. (rPois)
You cover ground very slowly.
You can spit poison.
You have a snake-like lower body.
You have a pair of small antennae on your head.
Your mind is acute. (Int +2)
You are weak. (Str -2)


Message History

The iguana is poisoned.
The ogre shouts!
Your +5 falchion of electrocution stops crackling.
a - a +0 vorpal shortbow (weapon)
You shoot an arrow. The arrow barely misses the ogre.
Aiming: Spit Poison (1% risk of failure)
Press: ? - help, Shift-Dir - straight line, f/p - ogre
Aim: an ogre, wielding a +0 giant spiked club The splash of poison hits the ogre.
The ogre is moderately wounded.
The iguana looks more healthy.
There is a stone staircase leading up here.
You have got your breath back.
The ogre hits you with a +0 giant spiked club!
The iguana bites you!
You climb upwards.
Level annotation: 3 runed translucent doors, KennySheep's ghost, amateur DECj
There is a stone staircase leading down here.
Okay, then.
Okay, then.
Aiming: Spit Poison (1% risk of failure)
Press: ? - help, Shift-Dir - straight line, f - iguana
Aim: an iguana (severely wounded)
The splash of poison hits the iguana but does no damage.
The iguana is poisoned.
The iguana is severely wounded.
The iguana bites you!
The ogre hits you with a +0 giant spiked club!
* * * LOW HITPOINT WARNING * * *
It was a potion of mutation.
You feel extremely strange.
You feel weaker. A pair of antennae grows on your head!
Your +0 helmet falls away!
You feel clever.
The iguana bites you but does no damage.
It was a potion of curing.
You feel better.
The ogre hits you with a +0 giant spiked club!
* * * LOW HITPOINT WARNING * * *
The iguana bites you!
You die...
Kikubaaqudgha rasps: "You have failed me!
Welcome... death!"

.................#KK#K#.≈##.#
#....########...###KKKK.###.#
........^...(...#.##+++##.#.#
##############.#..........#.#
#...####.#####.# ##..# #.#
#.# #..# #.# #.# #.l# #.# #.#
#O@# #.# #.# #### #.# #.# #.#
#.# #.# #.# #.# #.# #.# #.#
#.#####.## #........#
##########


You could see an ogre and an iguana (poisoned).

Vanquished Creatures
  A scorpion (D:4)
  A water moccasin zombie (D:5)
  A jelly (D:4)
  A hound (D:4)
  A centaur zombie (D:4)
  2 orc priests (D:4)
  Terence (D:2)
  4 adders
  An ufetubus (D:4)
  2 dart slugs
  6 orcs
  10 endoplasms
  A giant cockroach (D:1)
  8 goblins
  A hobgoblin (D:3)
  8 jackals (D:1)
  3 kobolds
  A quokka (D:2)
  9 ball pythons
  5 bats
  3 frilled lizards
  8 rats
78 creatures vanquished.

Vanquished Creatures (others)
  4 fungi (D:4)
  5 plants (D:4)
9 creatures vanquished.

Grand Total: 87 creatures vanquished

Notes
Turn   | Place    | Note
-------+----------+-------------------------------------------
     0 | D:1      | enile the Naga Wanderer began the quest for the Orb.
     0 | D:1      | enile set off with the following items: a +0 vorpal
                  | shortbow, 25 arrows, a +0 helmet, a +0 robe; and the
                  | following spell memorised: Slow; and the following spells
                  | available to memorise: Inner Flame
     0 | D:1      | Reached XP level 1. HP: 15/15 MP: 2/2
    68 | D:1      | Reached skill level 1 in Fighting
   103 | D:1      | Reached XP level 2. HP: 25/25 MP: 3/3
   251 | D:1      | Learned a level 2 spell: Poisonous Vapours
   331 | D:1      | Reached XP level 3. HP: 31/31 MP: 4/4
   454 | D:1      | Found a faded altar of an unknown god.
   464 | D:1      | Prayed at the altar of an unknown god.
   464 | D:1      | Became a worshipper of Kikubaaqudgha
   464 | D:1      | Reached * piety under Kikubaaqudgha
   464 | D:1      | Received a gift from Kikubaaqudgha
  1069 | D:2      | Noticed Terence
  1082 | D:2      | Reached XP level 4. HP: 22/39 MP: 1/6
  1087 | D:2      | Killed Terence
  1159 | D:2      | Found an ancient bone altar of Kikubaaqudgha.
  1716 | D:3      | Found a burning altar of Makhleb.
  1716 | D:3      | Noticed a green death
  1822 | D:3      | Reached ** piety under Kikubaaqudgha
  1903 | D:3      | Reached XP level 5. HP: 45/45 MP: 7/7
  1921 | D:3      | Found Riduafunk's Antique Weapon Boutique.
  1978 | D:3      | Bought a glowing falchion for 126 gold pieces
  2564 | D:4      | Reached skill level 1 in Long Blades
  2564 | D:4      | Reached XP level 6. HP: 39/56 MP: 8/8
  3018 | D:4      | Reached skill level 1 in Armour
  3078 | D:4      | Found an ornate altar of the Wu Jian Council.
  3372 | D:4      | Found a runed translucent gate.
  3372 | D:4      | Found a runed translucent gate.
  3372 | D:4      | Found a runed translucent gate.
  3374 | D:4      | Noticed KennySheep's ghost (amateur DECj)
  3479 | D:5      | Entered Level 5 of the Dungeon
  3504 | D:4      | Gained mutation: You are weak. (Str -2) [potion of
                  | mutation]
  3504 | D:4      | Gained mutation: You have a pair of small antennae on your
                  | head. [potion of mutation]
  3504 | D:4      | Gained mutation: Your mind is acute. (Int +2) [potion of
                  | mutation]
  3505 | D:4      | Slain by an iguana

Illustrated notes

Levels and vault maps discovered:
D:1:      minmay_arrival_wavy_path, layout_basic, ebering_ecumenical_altar_rust
D:2:      layout_loops_ring, basic_altar, uniq_terence
D:3:      layout_rooms, makhleb_altar_promises_db, serial_shops,
          nicolae_shop_waterfront, amcnicky_mini_pool_small,
          kennysheep_generic_room_15
D:4:      layout_basic, mainiacjoe_overflow_alcove_4,
          gammafunk_ghost_nasty_kobolds, minmay_crystal_room, st_stairs_3,
          kennysheep_pointless_box
D:5:      layout_gridville, nzn_overflow_gifts_of_might_and_magic,
          ebering_ghost_sewer_f, uniq_pikel

Skill      XL: |  1  2  3  4  5  6 |
---------------+-------------------+-----
Fighting       | 1 2 3 |  3.0
Bows           | 3 4 |  4.0
Invocations    | 2 3 |  3.0
Long Blades    | 1 3 |  3.2
Armour         | 2 |  2.0
Dodging        | |  1.0
Stealth        | |  4.4
Spellcasting   | |  1.0
Hexes          | |  1.0

Action                   |  1- 3 |  4- 6 || total
-------------------------+-------+-------++-------
Melee: Falchion          |       |    57 ||    57
 Fire: Shortbow          |    96 |    53 ||   149
Throw: Dart              |       |     4 ||     4
 Cast: Slow              |     6 |     1 ||     7
       Poisonous Vapours |     3 |       ||     3
 Abil: Spit Poison       |     2 |    10 ||    12
  Use: Potion            |       |     5 ||     5
       Scroll            |       |     2 ||     2
 Stab: Sleeping          |       |     3 ||     3
Armor: Robe              |    10 |     4 ||    14
       Skin              |       |    35 ||    35
       Ring mail         |       |    21 ||    21
Dodge: Dodged            |     8 |    28 ||    36
Block: Other             |       |    27 ||    27

Table legend: (Time is in decaauts)
 A = Elapsed time spent in this place.
 B = Non-inter-level travel time spent in this place.
 C = Inter-level travel time spent in this place.
 D = Time resting spent in this place.
 E = Time spent auto-exploring this place.
 F = Levels seen in this place.
 G = Mean time per level.
                   A        B        C        D        E       F      G
               +--------+--------+--------+--------+--------+-----+--------+
         Total |   4472 |   4338 |    134 |    277 |   3434 |   5 |  894.4 |
       Dungeon |   4472 |   4338 |    134 |    277 |   3434 |   5 |  894.4 |
               +--------+--------+--------+--------+--------+-----+--------+

Top non-repeatable levels by time:
     D:4: 1588 daAuts
     D:2: 1106 daAuts
     D:1: 1055 daAuts
     D:3: 694 daAuts
     D:5: 27 daAuts
